 Dungeon Crawl Stone Soup version 0.29.1-13-g9f3cf754e1 (webtiles) character file.

Game seed: 6765040031154050123

94 CrazyMind the Chopper (level 4, -10/40 HPs)
             Began as a Naga Gladiator on Feb 1, 2023.
             Killed by divine providence
             ... invoked by an orc priest
              (13 damage)
             ... on level 3 of the Dungeon.
             The game lasted 00:08:36 (2289 turns).

CrazyMind the Chopper (Naga Gladiator)              Turns: 2289, Time: 00:08:37

Health: -10/40     AC:  4    Str: 18    XL:     4   Next: 63%
Magic:  4/4        EV:  9    Int:  9    God:
Gold:   146        SH:  0    Dex: 12    Spells: 3/3 levels left

rFire   . . .      SeeInvis +   s - +2 hand axe (elec)
rCold   . . .      Faith    .   (no shield)
rNeg    . . .      Spirit   .   g - +0 ring mail
rPois   +          Reflect  .   c - +0 helmet
rElec   .          Harm     .   (no cloak)
rCorr   .          Rampage  .   (no gloves)
Will    .....                   (no barding)
Stlth   +.........              (no amulet)
HPRegen 0.13/turn               (no ring)
MPRegen 0.09/turn               (no ring)

@: brilliant, attractive, very slow
A: AC +1, large, see invisible, deformed body, poison resistance, slowness 2,
spit poison 1, naga tail 1
a: Spit Poison


You were on level 3 of the Dungeon.
You visited 1 branch of the dungeon, and saw 3 of its levels.

You collected 146 gold pieces.

Inventory:

Hand Weapons
 a - a +0 war axe
 j - a +3 whip
 k - a +4 dagger
 s - a +2 hand axe of electrocution (weapon)
Missiles
 d - 3 throwing nets (quivered)
 e - a javelin
 i - 9 stones
 m - 2 poisoned darts
Armour
 b - a +0 leather armour
 c - a +0 helmet (worn)
 g - a +0 ring mail (worn)
Scrolls
 h - 2 scrolls of teleportation {unknown}
 n - a scroll of vulnerability {unknown}
 o - a scroll of amnesia {unknown}
 p - a scroll of identify {unknown}
 q - a scroll of enchant weapon {unknown}
Potions
 r - a potion of resistance {unknown}
 t - a potion of degeneration {unknown}


   Skills:
 + Level 2.3 Fighting
 * Level 4.4 Axes
 + Level 1.9 Throwing
 + Level 0.4 Armour
 + Level 2.9 Dodging
 + Level 0.3 Stealth


You had 3 spell levels left.
You didn't know any spells.
Your spell library contained the following spells:

 Spells                   Type           Power      Damage    Failure   Level
 Blade Hands              Tmut           0%         N/A       100%        5
 Irradiate                Conj/Tmut      0%         3d11      100%        5
 Dragon Form              Tmut           0%         N/A       100%        7


Dungeon Overview and Level Annotations

Branches:
Dungeon (3/15)

Altars:
Qazlal

Shops:
D:2 *


Innate Abilities, Weirdness & Mutations

Your serpentine skin is tough. (AC +1)
You have supernaturally acute eyesight. (SInv)
Armour fits poorly on your strangely shaped body.
Your system is resistant to poisons. (rPois)
You cover ground very slowly.
You can spit poison.
You have a snake-like lower body.


Message History

The kobold barely misses you. The kobold attacks as you move away!
The kobold misses you. The orc priest completely misses you.
The orc hits you with a +0 club.
The orc priest hits you with a +0 flail.
The kobold hits you but does no damage.
You barely miss the orc priest. You barely miss the orc. You hit the kobold.
Lightning courses through the kobold!
You kill the kobold!
You hit the orc but do no damage. The orc barely misses you.
The orc priest hits you with a +0 flail!
* * * LOW HITPOINT WARNING * * *
The orc closely misses you.
You barely miss the orc priest. You hit the orc.
Lightning courses through the orc!
You kill the orc!
You hit the frilled lizard.
You kill the frilled lizard!
You closely miss the orc. The orc priest barely misses you.
The orc hits you with a +0 morningstar.
* * * LOW HITPOINT WARNING * * *
Aiming: Spit Poison (1% risk of failure)
Press: ? - help, Shift-Dir - straight line, f - orc priest
Aim: an orc priest, wielding a +0 flail and wearing a +0 ring mail (65% to hit)
The splash of poison hits the orc priest.
The orc priest is poisoned.
The orc priest is lightly wounded.
The orc priest looks braver for a moment.
The orc hits you with a +0 morningstar.
* * * LOW HITPOINT WARNING * * *
It was a potion of brilliance.
You feel clever all of a sudden.
The orc priest hits you with a +0 flail.
* * * LOW HITPOINT WARNING * * *
The orc closely misses you.
It was a potion of attraction.
You feel attractive to monsters.
You have got your breath back.
The orc priest invokes the aid of Beogh against you.
Beogh smites you!
You die...

# ...... #.
......
.##..#!##
.. ........
.. ......
###.##..#.#
......oo#.#
#.##.@).##
#.....)..#
####.##.##
#. #..# .#
#....#. #.
#..# #.#
#....#. #.
#..# #.#
#....#. #.
##.# #.#
#....#. #.
#.###.#
#....#.
#...#.#
#...)#.


You could see an orc priest (poisoned) and an orc.

Vanquished Creatures
  A hound (D:3)
  A dart slug (D:1)
  6 orcs
  5 bats
  7 endoplasms
  3 giant cockroaches
  A goblin (D:3)
  8 hobgoblins
  4 jackals (D:2)
  5 ball pythons
  2 frilled lizards
  6 kobolds
  2 rats (D:1)
51 creatures vanquished.

Notes
Turn   | Place    | Note
-------+----------+-------------------------------------------
     0 | D:1      | CrazyMind the Naga Gladiator began the quest for the Orb.
     0 | D:1      | Reached XP level 1. HP: 19/19 MP: 1/1
   239 | D:1      | Reached XP level 2. HP: 26/26 MP: 2/2
   350 | D:1      | Found a faded altar of an unknown god.
   907 | D:1      | Reached XP level 3. HP: 32/32 MP: 3/3
  1393 | D:2      | Found Xata's Assorted Antiques.
  2190 | D:3      | Reached XP level 4. HP: 38/39 MP: 4/4
  2222 | D:3      | Reached skill level 4 in Axes
  2245 | D:3      | Found a stormy altar of Qazlal.
  2289 | D:3      | Killed from afar by an orc priest

Illustrated notes

Levels and vault maps discovered:
D:1:      ncdulo_watergridlock, layout_basic, shapermc_ecumenical_altar_pompeii
D:2:      layout_loops_ring, serial_shops, shop, minmay_quadrilaterals
D:3:      layout_basic, mainiacjoe_overflow_catwalk,
          mainiacjoe_overflow_concentric_impassable

Skill      XL: |  1  2  3  4 |
---------------+-------------+-----
Axes           | 4 |  4.4
Fighting       | |  2.3
Throwing       | |  1.9
Armour         | |  0.4
Dodging        | |  2.9
Stealth        | |  0.3

Action                   |  1- 3 |  4- 6 || total
-------------------------+-------+-------++-------
Melee: War axe           |    76 |       ||    76
       Hand axe          |     9 |     5 ||    14
       Punch             |     2 |       ||     2
 Abil: Spit Poison       |    27 |     6 ||    33
  Use: Potion            |       |     2 ||     2
 Stab: Sleeping          |     1 |       ||     1
Armor: Leather armour    |     4 |       ||     4
       Ring mail         |    31 |     1 ||    32
Dodge: Dodged            |    43 |     9 ||    52
